 Dungeon Crawl Stone Soup version 0.31-a0-977-gc230f8ef24 (webtiles) character file.

Game seed: 18252334753202515895

363 Shayle the Covered (level 6, -2/37 (39) HPs)
             Began as a Tengu Hexslinger on Oct 30, 2023.
             Was an Initiate of Ashenzari.
             Slain by a wight
             ... wielding a +0 mace
              (4 damage)
             ... on level 6 of the Dungeon.
             The game lasted 00:10:44 (3666 turns).

Shayle the Covered (Tengu Hexslinger)               Turns: 3666, Time: 00:10:45

HP:   -2/37 (39)    AC:  2    Str:  8    XL:     6   Next: 67%
MP:   8/8           EV: 12    Int: 20    God:    Ashenzari [......]
Gold: 179           SH:  0    Dex: 18    Spells: 5/7 levels left

rFire   . . .        a - +1 sling
rCold   . . .        (no shield)
rNeg    . . .        c - +0 robe
rPois   .            (helmet restricted)
rElec   .            (no cloak)
rCorr   .            (no gloves)
SInv    .            (boots unavailable)
Will    .....        (no amulet)
Stlth   ++           k - +6 ring of intelligence
HPRegen 0.26/turn    (no ring)
MPRegen 0.11/turn

%: acrobat
@: about to teleport, weak-willed, drained
A: beak, talons 3, acrobatic
a: Renounce Religion


You were on level 6 of the Dungeon.
You worshipped Ashenzari.
Ashenzari was noncommittal.
You visited 2 branches of the dungeon, and saw 7 of its levels.

You collected 179 gold pieces.

Inventory:

Hand Weapons
 a - a +1 sling (weapon)
Armour
 c - a +0 robe (worn)
Jewellery
 e - a ring of ice
 k - a +6 ring of intelligence (left hand)
 t - a ring of willpower
Wands
 q - a wand of roots (10)
 s - a wand of charming (10)
Scrolls
 b - a scroll of poison
 h - 2 scrolls of immolation {unknown}
 i - a scroll of enchant weapon {unknown}
 j - a scroll of identify
 l - a scroll of fog {unknown}
Potions
 d - a potion of resistance {unknown}
 f - a potion of lignification {unknown}
 g - a potion of magic {unknown}
 m - a potion of cancellation {unknown}
 n - 2 potions of haste {unknown}
 p - a potion of heal wounds {unknown}
 r - a potion of enlightenment {unknown}


   Skills:
 + Level 4.6 Fighting
 - Level 2.1 Ranged Weapons
 + Level 4.9 Armour
 - Level 2.1 Dodging
 - Level 1.0 Spellcasting
 - Level 2.1 Hexes
 - Level 1.1 Fire Magic


You had 5 spell levels left.
You knew the following spells:

 Your Spells              Type           Power      Damage    Failure   Level
a - Jinxbite              Hex            18%        N/A       11%         2

Your spell library contained the following spells:

 Spells                   Type           Power      Damage    Failure   Level
 Sigil of Binding         Hex            9%         N/A       22%         3
 Inner Flame              Hex/Fire       7%         N/A       26%         3
 Cause Fear               Hex            4%         N/A       56%         4
 Dimensional Bullseye     Hex/Tloc       2%         N/A       73%         4


Dungeon Overview and Level Annotations

Branches:
Dungeon (6/15)             Temple (1/1) D:4

Altars:
Ashenzari
Cheibriados
Dithmenos
Hepliaklqana
Makhleb
Nemelex Xobeh
Okawaru
Sif Muna
Trog
Uskayaw
Vehumet
Zin
The Shining One

Annotations:
D:3 Robin


Innate Abilities, Weirdness & Mutations

You have a beak for a mouth.
You have claws for feet.
You can magically evade attacks while moving or waiting.


Message History

There is an escape hatch in the floor here.
The jinxing sprites lose interest in you.
The ogre seems less drained.
The scorpion stings you!
You slide downwards.
The hatch slams shut behind you.
The white imp shouts, "Slither home, thou pribbling limp-willed mule!"
The gnoll sergeant shouts!
Found 36 gold pieces.
As you read the scroll labelled KOSEVVE NIELEWN, it crumbles to dust.
It is a scroll of identify.
o - 2 scrolls of teleportation The ogre closely misses you.
The gnoll sergeant hits you with a +0 spear!
As you read the scroll of teleportation, it crumbles to dust.
You feel strangely unstable. The ogre barely misses you.
The gnoll sergeant hits you with a +0 spear!
The gnoll sergeant misses you.
Okay, then.
Found 12 gold pieces.
The white imp gestures at you. The puff of frost misses you.
You see here 12 gold pieces.
Found 39 gold pieces.
Your surroundings suddenly seem different. 3 wights come into view.
The wight completely misses you.
A wight comes into view. It is wielding a +3 trident.
As you read the scroll of teleportation, it crumbles to dust.
You feel strangely unstable.
Okay, then.
Okay, then.
You shoot a sling bullet.
The sling bullet hits the wight but does no damage.
The wight hits you with a +3 trident!
* * * LOW HITPOINT WARNING * * *
You feel drained.
* * * LOW HITPOINT WARNING * * *
The wight hits you with a +0 mace!
* * * LOW HITPOINT WARNING * * *
You feel drained.
You die...

#..
#..
#..
#..
#..
#..###
#.z.z#
##.#z#
#.#@#
#..z.#
######


You could see 3 wights.

Vanquished Creatures
  An ogre (D:4)
  2 hounds
  An orc priest (D:5)
  8 adders
  2 worms
  2 dart slugs
  7 orcs
  3 bats
  8 endoplasms
  5 giant cockroaches
  8 hobgoblins
  13 jackals
  3 quokkas
  4 ball pythons
  3 frilled lizards
  14 goblins
  4 kobolds
  4 rats
92 creatures vanquished.

Notes
Turn   | Place    | Note
-------+----------+-------------------------------------------
     0 | D:1      | Shayle the Tengu Hexslinger began the quest for the Orb.
     0 | D:1      | Reached XP level 1. HP: 12/12 MP: 3/3
    61 | D:1      | Reached skill level 1 in Armour
    63 | D:1      | Reached XP level 2. HP: 13/16 MP: 4/4
   480 | D:1      | Reached XP level 3. HP: 21/21 MP: 5/5
  1141 | D:2      | Learned a level 2 spell: Jinxbite
  1161 | D:2      | Reached XP level 4. HP: 27/27 MP: 3/6
  1939 | D:3      | Noticed Robin
  1988 | D:3      | Noticed a shadow
  1989 | D:3      | Found a shadowy altar of Dithmenos.
  1990 | D:3      | Found a hazy altar of Hepliaklqana.
  2063 | D:3      | Reached XP level 5. HP: 27/32 MP: 3/7
  2226 | D:3      | Found a hide-covered altar of Uskayaw.
  2754 | D:4      | Noticed an ogre
  2765 | D:4      | Killed an ogre
  2766 | D:4      | Reached XP level 6. HP: 34/38 MP: 4/8
  2977 | D:4      | Found a staircase to the Ecumenical Temple.
  2983 | Temple   | Entered the Ecumenical Temple
  3005 | Temple   | Became a worshipper of Ashenzari the Shackled
  3329 | D:5      | Entered Level 5 of the Dungeon
  3329 | D:5      | Noticed a torpor snail
  3329 | D:5      | Noticed a torpor snail
  3329 | D:5      | Noticed a torpor snail
  3329 | D:5      | Found a snail-covered altar of Cheibriados.
  3666 | D:6      | Slain by a wight

Illustrated notes

Levels and vault maps discovered:
D:1:      amcnicky_arrival_wind_blow, layout_basic
D:2:      layout_loops_cross, kennysheep_generic_room_12
D:3:      layout_basic, riverfiend_overflow_shadow_ancestor,
          lemuel_crystal_altar, uniq_robin
D:4:      layout_loops_ring, nicolae_overflow_hidden_temple,
          minmay_temple_entry_enclosed_plants, corexii_shack
D:5:      layout_loops_ring, cheibriados_altar_2, mainiacjoe_overflow_two_lobes,
          corexii_leaking_fountain, uniq_duvessa
D:6:      minmay_polygon_palace, layout_basic, kennysheep_boxes
Temple:   dpeg_three_leaves_temple

Skill      XL: |  1  2  3  4  5 |
---------------+----------------+-----
Armour         | 1 2 3 4 |  4.9
Fighting       | 2 3 4 |  4.6
Ranged Weapons | |  2.1
Dodging        | |  2.1
Spellcasting   | |  1.0
Hexes          | |  2.1
Fire Magic     | |  1.1

Action                     |  1- 3 |  4- 6 || total
---------------------------+-------+-------++-------
   Fire: Sling             |    87 |   180 ||   267
   Cast: Jinxbite          |       |    21 ||    21
    Use: Potion            |     1 |     2 ||     3
         Scroll            |       |     3 ||     3
 Armour: Robe              |    25 |    81 ||   106
  Dodge: Dodged            |    30 |   110 ||   140

Table legend: (Time is in decaauts)
 A = Elapsed time spent in this place.
 B = Non-inter-level travel time spent in this place.
 C = Inter-level travel time spent in this place.
 D = Time resting spent in this place.
 E = Time spent auto-exploring this place.
 F = Levels seen in this place.
 G = Mean time per level.
                   A        B        C        D        E       F      G
               +--------+--------+--------+--------+--------+-----+--------+
         Total |   3747 |   3566 |    181 |    363 |   2224 |   7 |  535.3 |
       Dungeon |   3713 |   3532 |    181 |    363 |   2224 |   6 |  618.8 |
        Temple |     34 |     34 |      0 |      0 |      0 |   1 |   34.0 |
               +--------+--------+--------+--------+--------+-----+--------+

Top non-repeatable levels by time:
     D:4: 1073 daAuts
     D:2: 883 daAuts
     D:1: 873 daAuts
     D:3: 607 daAuts
     D:5: 266 daAuts
  Temple: 34 daAuts
     D:6: 8 daAuts
